Map: Odyssey LE

Players

SamuraiFunn - Winner!

  • Race: Protoss Protoss
  • League: Platinum
  • Spawn Location: 5:00

A.I. 1 (Very Hard)

  • Race: Protoss Protoss
  • Spawn Location: 11:00

VOD

Have the link to the VOD?

Description

Time

  • Played on: Dec. 1, 2017, 11:26 p.m.
  • Length: 15:27
Show
View Real Time Build Order
Export as new Build Order

SamuraiFunn Protoss - Winner!

Build Orders: Oracle Opening 

Get SALT Encoding   

  12  0:00  Probe  
  13  0:13  Probe  
  14  0:20  Pylon  
  14  0:25  Probe  
  15  0:38  Probe  
  16  0:44  Gateway  
  16  0:50  Probe  
  16  0:56  Assimilator  
  17  1:02  Probe  
  18  1:14  Probe  
  19  1:21  Assimilator  
  19  1:33  Probe  
  20  1:40  Pylon  
  20  1:41  Zealot  
  20  1:45  Probe  
  23  1:52  Cybernetics Core  
  23  1:58  Probe  
  24  2:02  Pylon  
  24  2:10  Probe  
  25  2:35  Probe  
  26  2:38  Stargate  
  26  2:41  Nexus  
  26  2:49  Gateway  
  26  2:50  Gateway  
  26  2:52  Probe  
  27  3:06  Probe  
  28  3:18  Probe  
  32  3:28  Oracle (Chrono Boost)  
  32  3:40  Warp Gate (Chrono Boost)  
  32  3:44  Stalker  
  32  3:46  Zealot x2  
  38  4:00  Probe  
  38  4:01  Probe, Assimilator  
  40  4:03  Assimilator  
  40  4:06  Pylon  
  40  4:13  Probe x2  
  45  4:22  Oracle (Chrono Boost)  
  45  4:37  Probe  
  45  4:38  Probe  
  47  4:50  Probe x2  
  52  4:53  Twilight Council  
  52  4:55  Oracle  
  52  5:02  Probe  
  52  5:03  Pylon  
  53  5:29  Charge  
  56  5:49  Oracle  
  56  6:10  Stalker  
  58  6:11  Zealot x2  
  58  6:16  Gateway  
  58  6:17  Gateway  
  63  6:18  Probe x2  
  63  6:19  Gateway  
  63  6:25  Void Ray  
  68  6:30  Probe x2  
  70  6:55  Pylon x2  
  70  6:57  Pylon  
  70  6:58  Pylon  
  70  7:13  Probe x2  
  70  7:14  Zealot  
  70  7:15  Zealot x2  
  78  7:16  Void Ray  
  82  7:24  Templar Archives  
  82  7:25  Probe x2  
  84  7:31  Stalker x3  
  90  7:37  Probe x2  
  90  7:41  Pylon  
  92  7:49  Probe x2  
  94  8:01  Probe x2  
  96  8:13  Probe  
  96  8:14  Void Ray  
  101  8:20  High Templar x2  
  101  8:21  High Templar x2  
  109  8:29  Pylon x2  
  109  8:31  Pylon  
  109  8:46  Archon x2  
  109  8:47  Psionic Storm  
  109  8:53  High Templar x5  
  109  8:55  Nexus  
  119  8:57  Pylon, Archon x2  
  119  8:59  Pylon  
  119  9:01  Pylon  
  119  9:05  Assimilator  
  119  9:10  Assimilator  
  119  9:14  Void Ray  
  117  10:35  Zealot x2  
  117  10:36  Zealot x2  
Show
View Real Time Build Order
Export as new Build Order

A.I. 1 (Very Hard) Protoss 

Build Orders: 1 Gate Expand 

Get SALT Encoding   

  12  0:00  Probe  
  13  0:13  Probe  
  14  0:19  Pylon  
  14  0:25  Probe  
  15  0:37  Probe  
  15  0:40  Gateway  
  16  0:49  Probe  
  17  1:01  Probe  
  18  1:13  Probe  
  18  1:17  Nexus  
  19  1:25  Probe  
  19  1:29  Zealot  
  22  1:37  Probe  
  23  1:40  Pylon  
  23  1:50  Cybernetics Core  
  23  1:52  Assimilator  
  23  1:58  Probe  
  24  2:10  Probe  
  25  2:22  Probe  
  26  2:25  Pylon  
  26  2:29  Probe  
  27  2:34  Probe  
  28  2:39  Gateway, Warp Gate  
  28  2:41  Probe  
  29  2:45  Assimilator  
  29  2:46  Probe  
  30  2:57  Stalker  
  30  2:58  Probe, Pylon  
  33  3:00  Probe  
  34  3:10  Probe  
  34  3:12  Probe  
  36  3:26  Probe  
  36  3:27  Adept x2  
  39  3:28  Probe  
  39  3:33  Robotics Facility  
  42  3:38  Probe  
  42  3:40  Probe  
  44  3:50  Probe  
  44  3:52  Probe  
  44  3:54  Adept x2  
  50  4:02  Probe  
  51  4:04  Probe  
  49  4:14  Probe  
  49  4:16  Probe  
  42  4:21  Adept x2  
  40  4:26  Probe  
  40  4:28  Probe  
  42  4:38  Probe  
  42  4:40  Probe  
  44  4:50  Probe  
  45  4:52  Probe  
  45  4:55  Gateway  
  46  5:03  Probe  
  46  5:05  Probe  
  46  5:06  Robotics Bay  
  48  5:13  Pylon  
  45  5:15  Probe  
  45  5:17  Probe  
  39  5:27  Probe  
  31  5:29  Probe  
  31  5:39  Probe  
  31  5:41  Probe  
  33  5:51  Probe, Twilight Council  
  33  5:53  Probe  
  29  6:03  Probe  
  30  6:05  Probe  
  29  6:15  Probe  
  29  6:17  Probe  
  31  6:27  Probe  
  31  6:29  Probe  
  33  6:39  Probe  
  28  6:41  Probe  
  28  6:51  Probe  
  28  6:53  Probe  
  23  7:04  Probe  
  23  7:06  Probe  
  25  7:16  Probe  
  25  7:18  Probe  
  27  7:28  Probe  
  28  7:30  Probe  
  29  7:40  Probe  
  29  7:42  Probe  
  27  7:52  Probe  
  27  7:54  Probe  
  29  8:04  Probe  
  25  8:06  Probe  
  25  8:11  Zealot  
  28  8:16  Probe  
  28  8:18  Probe  
  30  8:28  Probe  
  30  8:30  Probe  
  32  8:40  Probe  
  33  8:42  Probe  
  34  8:52  Probe  
  34  8:54  Probe  
  36  9:05  Probe  
  36  9:07  Probe, Assimilator  
  38  9:17  Probe  
  39  9:19  Probe  
  40  9:24  Assimilator  
  40  9:28  Zealot  
  40  9:29  Probe  
  40  9:31  Probe  
  26  9:40  Templar Archives, Zealot  
  26  9:43  Probe  
  17  9:55  Probe  
  16  10:07  Pylon  
  16  10:08  Probe  
  16  10:11  Zealot  
  19  10:19  High Templar  
Tags
 
Add a new tag
Caveats
  • Supply blocks, unpowered buildings, or Contaminate may cause inaccurate times.
  • Supply counts are checked every 10 seconds.